 Dungeon Crawl Stone Soup version 0.29-a0-648-g6b26cc9f40 (webtiles) character file.

Game seed: 4570535294614792241

1201 kae the Thaumaturge (level 8, -5/52 HPs)
             Began as a Mummy Necromancer on June 20, 2022.
             Slain by a gnoll
             ... wielding a +0 spear
             ... led by a gnoll shaman
              (6 damage)
             ... on level 6 of the Dungeon.
             The game lasted 00:06:02 (6395 turns).

kae the Thaumaturge (Mummy Necromancer)             Turns: 6395, Time: 00:06:03

Health: -5/52      AC:  2    Str: 11    XL:     8   Next: 21%
Magic:  0/20       EV: 12    Int: 16    God:
Gold:   320        SH:  0    Dex: 13    Spells: 16/24 levels left

rFire   x . .      SeeInvis .   b - +1 falchion (vamp)
rCold   + . .      Faith    .   (no shield)
rNeg    + + +      Spirit   +   a - +0 robe
rPois   ∞          Reflect  .   (no helmet)
rElec   .          Harm     .   (no cloak)
rCorr   .          Rampage  .   (no gloves)
Will    +....                   (no boots)
Stlth   +.........              c - amulet of guardian spirit
HPRegen 0.17/turn               (no ring)
MPRegen 0.17/turn               (no ring)

@: lit by a corona, glowing
A: cold resistance 1, negative energy resistance 3, torment resistance 2, heat
vulnerability 1, in touch with death 1, no potions
a: no special abilities


You were on level 6 of the Dungeon.
You visited 1 branch of the dungeon, and saw 6 of its levels.

You collected 320 gold pieces.

Inventory:

Hand Weapons
 b - a +1 vampiric falchion (weapon)
 h - a +1 scythe of venom
Armour
 a - a +0 robe (worn)
Jewellery
 c - an amulet of guardian spirit (around neck)
Wands
 g - a wand of light (5)
Scrolls
 d - 2 scrolls of identify
 e - a scroll of enchant armour
 f - a scroll of teleportation
 i - a scroll of fear {unknown}
 j - a scroll of amnesia {unknown}


   Skills:
 - Level 1.5 Dodging
 - Level 1.5 Stealth
 + Level 8.7 Spellcasting
 + Level 8.1 Necromancy


You had 16 spell levels left.
You knew the following spells:

 Your Spells              Type           Power      Damage    Failure   Level
a - Necrotize             Necr           100%       1d9       1%          1
b - Vampiric Draining     Necr           49%        2d9       1%          3
c - Animate Dead          Necr           49%        N/A       3%          4

Your spell library contained the following spells:

 Spells                   Type           Power      Damage    Failure   Level
 Agony                    Necr           49%        N/A       11%         5
 Gell's Gravitas          Tloc           7%         N/A       30%         3
 Lesser Beckoning         Tloc           7%         N/A       30%         3
 Teleport Other           Tloc           7%         N/A       30%         3


Dungeon Overview and Level Annotations

Branches:
Dungeon (6/15)
 Temple: D:4-7

Altars:
Ashenzari
Cheibriados
Gozag
Yredelemnul
Zin

Shops:
D:5 *

Annotations:
D:3 2 transporters, Darklighter's ghost, amateur DEWn


Innate Abilities, Weirdness & Mutations

You are immune to poison.
Your flesh is cold resistant. (rC+)
You are immune to negative energy. (rN+++)
You are immune to unholy pain and torment.
You are vulnerable to heat. (rF-)
You are in touch with the powers of death.
You do not drink.


Message History

Casting: Vampiric Draining (safe; 1% risk of failure)
Confirm with . or Enter, or press ? or * to list all spells.
Aiming: Vampiric Draining (safe; 1% risk of failure)
Press: ? - help, Shift-Dir - straight line, f - gnoll
Aim: a gnoll, wielding a +0 club You feel a surge of power!
You draw life force from the gnoll!
You feel life coursing into your body. The gnoll misses you.
The gnoll barely misses you.
You hit the gnoll.
You feel better.
The gnoll is almost dead.
The gnoll closely misses you. x2
You hit the gnoll.
You kill the gnoll!
The gnoll completely misses you.
You closely miss the gnoll.
The gnoll is severely wounded.
The gnoll hits you with a +2 whip of flaming!
The gnoll burns you.
The gnoll hits you from afar with a +0 spear.
The gnoll completely misses you. The gnoll closely misses you.
The gnoll hits you with a +0 spear!
You closely miss the gnoll.
The gnoll is severely wounded.
The gnoll hits you with a +2 whip of flaming.
The gnoll burns you. The gnoll barely misses you.
You hit the gnoll.
The gnoll is almost dead.
The gnoll hits you with a +2 whip of flaming.
The gnoll burns you.
* * * LOW HITPOINT WARNING * * *
The gnoll hits you with a +0 spear.
* * * LOW HITPOINT WARNING * * *
You can't drink.
The gnoll attacks as you move away!
The gnoll hits you with a +2 whip of flaming.
* * * LOW HITPOINT WARNING * * *
The gnoll burns you.
* * * LOW HITPOINT WARNING * * *
The gnoll attacks as you move away! The gnoll hits you with a +0 spear.
You die...

#. ###.#####
.......#
#.#...### .......
.#####...#
.......Yg#
########g# ##@##
#..g# #+# #.#.#
#.# #...# #.#
##.## ##.#####
#.# ##...(..##
#.# ##........##
#.# #...........
#.#####.##......#


You could see an ice beast and 3 gnolls.

Vanquished Creatures
  Sigmund (D:5)
  Menkaure (D:5)
  A water moccasin (D:5)
  An ice beast (D:5)
  A centaur (D:5)
  2 necrophages (D:5)
  3 orc priests
  A gnoll shaman (D:6)
  A hound (D:6)
  3 iguanas
  3 orc wizards
  3 gnolls
  2 adders
  A shadow imp (D:6)
  An ufetubus (D:5)
  A worm (D:3)
  2 dart slugs
  22 orcs
  2 bats
  3 endoplasms
  3 giant cockroaches
  8 goblins
  6 hobgoblins
  3 quokkas
  10 ball pythons
  2 frilled lizards (D:2)
  3 kobolds
  2 rats
92 creatures vanquished.

Vanquished Creatures (collateral kills)
  A necrophage (D:6)
  A hobgoblin (D:1)
  2 rats (D:1)
4 creatures vanquished.

Grand Total: 96 creatures vanquished

Notes
Turn   | Place    | Note
-------+----------+-------------------------------------------
     0 | D:1      | kae the Mummy Necromancer began the quest for the Orb.
     0 | D:1      | Reached XP level 1. HP: 13/13 MP: 4/4
   127 | D:2      | Reached XP level 2. HP: 10/19 MP: 0/6
   649 | D:1      | Gained mutation: You are in touch with the powers of death.
                  | [Mummy growth]
   649 | D:1      | Reached XP level 3. HP: 24/24 MP: 0/8
  1318 | D:1      | Found a faded altar of an unknown god.
  1345 | D:1      | Learned a level 3 spell: Vampiric Draining
  2194 | D:3      | Found a transporter.
  2198 | D:3      | Noticed Darklighter's ghost (amateur DEWn)
  2206 | D:3      | Found a transporter.
  2377 | D:3      | Reached skill level 5 in Necromancy
  2377 | D:3      | Reached XP level 4. HP: 22/30 MP: 3/10
  2526 | D:3      | Found a broken altar of Ashenzari.
  2704 | D:3      | Learned a level 4 spell: Animate Dead
  2849 | D:3      | Found a basalt altar of Yredelemnul.
  3656 | D:4      | Reached XP level 5. HP: 35/35 MP: 8/12
  3916 | D:4      | Reached skill level 5 in Spellcasting
  4133 | D:5      | Entered Level 5 of the Dungeon
  4383 | D:5      | Found Fitos's Mayhem Merchandise.
  4385 | D:5      | Noticed a water moccasin
  4390 | D:5      | Killed a water moccasin
  4391 | D:5      | Reached XP level 6. HP: 38/41 MP: 6/15
  4506 | D:5      | Noticed Menkaure
  5068 | D:5      | Killed Menkaure
  5069 | D:5      | Reached XP level 7. HP: 37/46 MP: 12/17
  5169 | D:5      | Noticed Sigmund
  5178 | D:5      | Killed Sigmund
  5782 | D:5      | Reached XP level 8. HP: 35/52 MP: 14/20
  6049 | D:6      | Found a snail-covered altar of Cheibriados.
  6080 | D:6      | Found an opulent altar of Gozag.
  6395 | D:6      | HP: 2/52 [gnoll/+2 whip of flaming[a gnoll shaman] (6)]
  6395 | D:6      | Slain by a gnoll

Illustrated notes

Levels and vault maps discovered:
D:1:      dpeg_arrival_more_subterranean_lakeside_camping, layout_loops_cross,
          ebering_ecumenical_altar_abandoned, minmay_distorted
D:2:      layout_basic, minmay_misc_feat_columns
D:3:      layout_basic, gammafunk_temple_overflow_pools,
          evilmike_ruin_ashenzari, gammafunk_ghost_stat_death,
          kennysheep_generic_room_14
D:4:      layout_basic
D:5:      minmay_evil_eye, layout_cave_pools, kb_lookout_dungeons_type,
          minmay_shop_mayhem, uniq_menkaure, uniq_sigmund
D:6:      layout_loops_corners, old_standard_altar, lemuel_crystal_altar,
          kennysheep_mini_moat, hex_medium

Skill      XL: |  1  2  3  4  5  6  7  8 |
---------------+-------------------------+-----
Spellcasting   | 3 4 6 7 8 |  8.7
Necromancy     | 5 6 7 8 |  8.1
Dodging        | |  1.5
Stealth        | |  1.5

Action                   |  1- 3 |  4- 6 |  7- 9 || total
-------------------------+-------+-------+-------++-------
Melee: Unarmed           |    10 |       |       ||    10
       Falchion          |       |    39 |    66 ||   105
       Punch             |       |     1 |     2 ||     3
 Cast: Necrotize         |    70 |    65 |    19 ||   154
       Vampiric Draining |       |     7 |     9 ||    16
Evoke: Wand              |       |     3 |       ||     3
  Use: Scroll            |     3 |     4 |       ||     7
Armor: Robe              |     5 |     9 |     6 ||    20
Dodge: Dodged            |    25 |    40 |    63 ||   128

Table legend: (Time is in decaauts)
 A = Elapsed time spent in this place.
 B = Non-inter-level travel time spent in this place.
 C = Inter-level travel time spent in this place.
 D = Time resting spent in this place.
 E = Time spent auto-exploring this place.
 F = Levels seen in this place.
 G = Mean time per level.
                   A        B        C        D        E       F      G
               +--------+--------+--------+--------+--------+-----+--------+
         Total |   6428 |   6286 |    142 |    762 |   4732 |   6 | 1071.3 |
       Dungeon |   6428 |   6286 |    142 |    762 |   4732 |   6 | 1071.3 |
               +--------+--------+--------+--------+--------+-----+--------+

Top non-repeatable levels by time:
     D:5: 1672 daAuts
     D:2: 1375 daAuts
     D:3: 1055 daAuts
     D:4: 1037 daAuts
     D:1: 873 daAuts
     D:6: 413 daAuts
